 Dungeon Crawl Stone Soup version 0.30-a0-4-ga7cffc901d (webtiles) character file.

Game seed: 14536447010203787422

100 Setbun the Sneak (level 5, -5/29 HPs)
             Began as a Kobold Enchanter on Aug 20, 2022.
             Slain by a gnoll
             ... wielding a +0 club
              (9 damage)
             ... on level 3 of the Dungeon.
             The game lasted 00:02:08 (3023 turns).

Setbun the Sneak (Kobold Enchanter)                 Turns: 3023, Time: 00:02:09

Health: -5/29      AC:  3    Str:  5    XL:     5   Next: 3%
Magic:  9/9        EV: 15    Int: 16    God:
Gold:   155        SH:  0    Dex: 18    Spells: 9/9 levels left

rFire   . . .      SeeInvis .    a - +1 dagger
rCold   . . .      Faith    .    (no shield)
rNeg    . . .      Spirit   .    b - +0 robe
rPois   .          Reflect  .    A - +1 hat
rElec   .          Harm     .    (no cloak)
rCorr   .          Rampage  .    (no gloves)
Will    .....                    (no boots)
Stlth   ++++......               n - amulet of the acrobat
HPRegen 0.09/turn                (no ring)
MPRegen 0.11/turn                (no ring)

@: no status effects
A: small, no large weapons, nightstalker 3
a: no special abilities


You were on level 3 of the Dungeon.
You visited 1 branch of the dungeon, and saw 3 of its levels.

You collected 155 gold pieces.

Inventory:

Hand Weapons
 a - a +1 dagger (weapon)
Armour
 b - a +0 robe (worn)
 A - a +1 hat (worn)
Jewellery
 n - an amulet of the acrobat (around neck)
Scrolls
 f - a scroll of magic mapping {unknown}
 i - a scroll of torment {unknown}
 j - a scroll of fear {unknown}
 k - a scroll of silence {unknown}
 r - 3 scrolls of identify {unknown}
 s - a scroll of immolation {unknown}
 t - a scroll of summoning {unknown}
 v - a scroll of enchant armour {unknown}
 x - a scroll of teleportation {unknown}
 y - a scroll of fog {unknown}
 z - a scroll of amnesia {unknown}
 B - a scroll of noise {unknown}
Potions
 c - 4 potions of invisibility
 d - a potion of heal wounds {unknown}
 e - a potion of degeneration {unknown}
 g - a potion of attraction {unknown}
 h - 2 potions of brilliance {unknown}
 l - a potion of haste {unknown}
 m - 3 potions of berserk rage {unknown}
 o - 2 potions of resistance {unknown}
 p - a potion of mutation {unknown}
 q - a potion of magic {unknown}
 u - a potion of ambrosia {unknown}
 w - a potion of lignification {unknown}


   Skills:
 + Level 1.2 Fighting
 + Level 2.4 Short Blades
 + Level 3.2 Dodging
 * Level 5.3 Stealth
 + Level 2.7 Spellcasting
 + Level 3.3 Hexes


You had 9 spell levels left.
You didn't know any spells.
Your spell library contained the following spells:

 Spells                   Type           Power      Damage    Failure   Level
 Ensorcelled Hibernation  Hex/Ice        14%        N/A       14%         2
 Confusing Touch          Hex            12%        N/A       14%         3
 Tukima's Dance           Hex            12%        N/A       14%         3
 Dazzling Flash           Conj/Hex       14%        N/A       28%         3


Dungeon Overview and Level Annotations

Branches:
Dungeon (3/15)

Altars:
Hepliaklqana

Shops:
D:3 :


Innate Abilities, Weirdness & Mutations

You are small and have problems with some larger weapons.
You are completely attuned to the shadows.


Message History

The frilled lizard closely misses you.
You hit the gnoll.
The gnoll is heavily wounded.
The gnoll barely misses you. The frilled lizard bites you.
The gnoll hits you with a +3 flail!
You hit the gnoll but do no damage.
The gnoll is heavily wounded.
The gnoll barely misses you. The frilled lizard misses you.
The gnoll closely misses you.
You barely miss the gnoll.
The gnoll is heavily wounded.
The gnoll barely misses you. The frilled lizard barely misses you.
The gnoll misses you.
You closely miss the gnoll.
The gnoll is heavily wounded.
The gnoll closely misses you. The frilled lizard bites you.
The gnoll hits you with a +3 flail!
You barely miss the gnoll.
The gnoll is heavily wounded.
The gnoll hits you but does no damage. The frilled lizard barely misses you.
The gnoll closely misses you.
You hit the gnoll.
The gnoll is severely wounded.
You closely miss the gnoll.
The gnoll is severely wounded.
The gnoll misses you. The frilled lizard barely misses you.
The gnoll hits you with a +3 flail!
* * * LOW HITPOINT WARNING * * *
The gnoll attacks as you move away! The gnoll closely misses you.
The gnoll attacks as you move away! The gnoll closely misses you.
The gnoll attacks as you move away! The gnoll closely misses you.
The gnoll attacks as you move away! The gnoll completely misses you.
The gnoll attacks as you move away! The gnoll closely misses you.
The gnoll attacks as you move away! The gnoll misses you.
The gnoll attacks as you move away! The gnoll completely misses you.
The gnoll attacks as you move away! The gnoll barely misses you.
There is a stone staircase leading up here.
You can't go down here!
The gnoll hits you with a +0 club!
You die...

... .........#
###.#..... #<
##....... #.#
#........
####.####.....>..
....##..........
###......#.......
####....#...####....
#..@..#...........#.
#.†g....#######.#.#.
##..g..### #.#...
........#### ##.#
##...l...... ....
#.....##### ...#
#.....# .## #.....#
#..####


You could see 2 gnolls and a frilled lizard.

Vanquished Creatures
  5 adders
  A worm (D:3)
  A dart slug (D:1)
  6 endoplasms
  A giant cockroach (D:1)
  5 goblins
  7 hobgoblins
  A jackal (D:2)
  2 quokkas
  3 ball pythons
  9 bats
  A frilled lizard (D:2)
  8 rats
50 creatures vanquished.

Notes
Turn   | Place    | Note
-------+----------+-------------------------------------------
     0 | D:1      | Setbun the Kobold Enchanter began the quest for the Orb.
     0 | D:1      | Reached XP level 1. HP: 10/10 MP: 3/3
   169 | D:1      | Found a faded altar of an unknown god.
   268 | D:1      | Reached XP level 2. HP: 15/15 MP: 5/5
  1435 | D:2      | Reached XP level 3. HP: 20/20 MP: 6/6
  1741 | D:2      | Found a hazy altar of Hepliaklqana.
  2041 | D:2      | Reached skill level 1 in Fighting
  2041 | D:2      | Reached XP level 4. HP: 25/25 MP: 7/7
  2152 | D:2      | Reached skill level 5 in Stealth
  2955 | D:3      | Reached XP level 5. HP: 29/29 MP: 9/9
  2989 | D:3      | Found Sowe Onu's Book Emporium.
  3023 | D:3      | Slain by a gnoll

Illustrated notes

Levels and vault maps discovered:
D:1:      lightli_arrival_lavapool, layout_basic,
          ebering_ecumenical_altar_sacrificial
D:2:      minmay_thinvault, layout_basic, basic_altar
D:3:      layout_rooms, lemuel_doored_altar, serial_shops, nicolae_diamond_shop

Skill      XL: |  1  2  3  4 |
---------------+-------------+-----
Short Blades   | 2 |  2.4
Fighting       | 1 |  1.2
Stealth        | 5 |  5.3
Dodging        | 3 |  3.2
Spellcasting   | |  2.7
Hexes          | |  3.3

Action                   |  1- 3 |  4- 6 || total
-------------------------+-------+-------++-------
Melee: Dagger            |    58 |    88 ||   146
 Stab: Sleeping          |    18 |     9 ||    27
       Distracted        |       |     1 ||     1
Armor: Robe              |       |     5 ||     5
Dodge: Dodged            |    30 |    62 ||    92

Table legend: (Time is in decaauts)
 A = Elapsed time spent in this place.
 B = Non-inter-level travel time spent in this place.
 C = Inter-level travel time spent in this place.
 D = Time resting spent in this place.
 E = Time spent auto-exploring this place.
 F = Levels seen in this place.
 G = Mean time per level.
                   A        B        C        D        E       F      G
               +--------+--------+--------+--------+--------+-----+--------+
         Total |   3007 |   2960 |     47 |    185 |   2412 |   3 | 1002.3 |
       Dungeon |   3007 |   2960 |     47 |    185 |   2412 |   3 | 1002.3 |
               +--------+--------+--------+--------+--------+-----+--------+

Top non-repeatable levels by time:
     D:1: 1402 daAuts
     D:2: 1170 daAuts
     D:3: 434 daAuts
